 Dungeon Crawl Stone Soup version 0.26-a0-667-g92642533e4 (webtiles) character file.

Game seed: 5742962403456653104

35 Ijustatesigmund the Sneak (level 3, -1/18 HPs)
             Began as a Spriggan Wanderer on Oct 16, 2020.
             Slain by a worker ant (8 damage)
             ... on level 2 of the Dungeon.
             The game lasted 00:03:19 (1568 turns).

Ijustatesigmund the Sneak (Spriggan Wanderer)       Turns: 1568, Time: 00:03:19

Health: -1/18      AC:  2    Str:  9    XL:     3   Next: 17%
Magic:  4/4        EV: 19    Int: 13    God:
Gold:   37         SH:  0    Dex: 15    Spells: 2/2 levels left

rFire    . . .     SeeInvis +   a - +2 dagger
rCold    . . .     Faith    .   (shield restricted)
rNeg     . . .     Spirit   .   e - +0 robe
rPois    .         Reflect  .   (helmet restricted)
rElec    .         Harm     .   (no cloak)
rCorr    .         Rampage  .   (gloves unavailable)
MR       .....                  (boots unavailable)
Stlth    +++.......             (no amulet)
HPRegen  0.06/turn              (no ring)
MPRegen  0.09/turn              (no ring)

@: lethally poisoned (-1 -> -9), very quick
A: very small, unfitting armour, see invisible, speed 3
a: no special abilities


You were on level 2 of the Dungeon.
You visited 1 branch of the dungeon, and saw 2 of its levels.

You collected 37 gold pieces.

Inventory:

Hand Weapons
 a - a +2 dagger (weapon)
Armour
 e - a +0 robe (worn)
Scrolls
 c - a scroll of identify
 f - 2 scrolls of remove curse
 g - a scroll of teleportation
Potions
 b - a potion of berserk rage
 d - a potion of lignification
 h - 2 potions of ambrosia


   Skills:
 - Level 1.5 Fighting
 + Level 3.2(3.3) Short Blades
   Level 1.0(1.8) Long Blades
 - Level 4.4 Dodging
 - Level 5.8 Stealth


You had 2 spell levels left.
You didn't know any spells.
Your spell library was empty.

Dungeon Overview and Level Annotations

Branches:
Dungeon (2/15)

Altars:


Innate Abilities, Weirdness & Mutations

You are very small and have problems with some larger weapons.
You are too small for most types of armour.
You have supernaturally acute eyesight. (SInv)
You cover ground extremely quickly.


Message History

You hit the worker ant.
The worker ant is almost dead.
The worker ant closely misses you.
You closely miss the worker ant.
The worker ant is almost dead.
The worker ant barely misses you.
You barely miss the worker ant.
The worker ant is almost dead.
The worker ant completely misses you.
You hit the worker ant but do no damage.
The worker ant is almost dead.
The worker ant bites you.
You are lethally poisoned!
The worker ant poisons you!
You are too injured to fight recklessly!
You are too injured to fight recklessly!
You hit the worker ant.
The worker ant is almost dead.
You feel sick. The worker ant bites you!
You die...

#.......# #.......#
#.......# #.......#
#.......###
#......)((#############
#......†#.............##
#.......#############...
#......@# #### ####...B#
# ####.. ...# ##.. ..#
## #.# ..>### .# ....#
#####..


You could see a worker ant.

Vanquished Creatures
  An adder (D:2)
  A giant cockroach (D:1)
  5 goblins (D:1)
  4 hobgoblins (D:1)
  2 jackals (D:2)
  2 kobolds
  2 ball pythons (D:1)
  6 bats
  2 rats (D:1)
25 creatures vanquished.

Notes
Turn   | Place    | Note
-------+----------+-------------------------------------------
     0 | D:1      | Ijustatesigmund the Spriggan Wanderer began the quest for
                  | the Orb.
     0 | D:1      | Ijustatesigmund set off with the following items: a +2
                  | dagger, a potion of berserk rage, a +0 falchion, a potion
                  | of lignification, a +0 robe
     0 | D:1      | Reached XP level 1. HP: 10/10 MP: 2/2
   455 | D:1      | Reached skill level 1 in Short Blades
   516 | D:2      | Reached XP level 2. HP: 7/14 MP: 3/3
  1400 | D:1      | Reached XP level 3. HP: 13/18 MP: 4/4
  1568 | D:2      | Slain by a worker ant

Illustrated notes

Levels and vault maps discovered:
D:1:      doesnt_arrival_eight_statues, layout_basic, grunt_decor_clamped
D:2:      layout_rooms, nicolae_tso_carved_into_rock, nemelex_dance_club_becter

Skill      XL: |  1  2 |
---------------+-------+-----
Short Blades   | 2 3 |  3.2
Fighting       | |  1.5
Long Blades    | |  1.0
Dodging        | |  4.4
Stealth        | |  5.8

Action                   || total
-------------------------++-------
Melee: Dagger            ||   104
  Use: Scroll            ||     5
 Stab: Sleeping          ||     5
Armor: Robe              ||     9
Dodge: Dodged            ||   120

Table legend: (Time is in decaauts)
 A = Elapsed time spent in this place.
 B = Non-inter-level travel time spent in this place.
 C = Inter-level travel time spent in this place.
 D = Time resting spent in this place.
 E = Time spent auto-exploring this place.
 F = Levels seen in this place.
 G = Mean time per level.
                   A        B        C        D        E       F      G
               +--------+--------+--------+--------+--------+-----+--------+
         Total |   1309 |   1295 |     14 |    790 |    304 |   2 |  654.5 |
       Dungeon |   1309 |   1295 |     14 |    790 |    304 |   2 |  654.5 |
               +--------+--------+--------+--------+--------+-----+--------+

Top non-repeatable levels by time:
     D:1: 1063 daAuts
     D:2: 245 daAuts
